Map: Orbital Shipyard

Players

ILoveHerO

  • Race: Protoss Protoss

HTOMario - Winner!

  • Race: Terran Terran

Event: LycanGTV LotV Beta Tournament 1

VOD

Have the link to the VOD?

Description

Time

  • Played on: April 2, 2015, 12:16 p.m.
  • Length: 8:42

All games in this series

Show
View Real Time Build Order
Export as new Build Order

ILoveHerO Protoss 

Build Orders: Phoenix Opening, Phoenix Opening, Carriers 

Get SALT Encoding   

  12  0:02  Probe  
  13  0:13  Pylon  
  13  0:18  Probe  
  14  0:31  Probe (Chrono Boost)  
  14  0:35  Gateway  
  15  0:41  Probe (Chrono Boost)  
  16  0:48  Probe  
  16  0:49  Assimilator  
  17  0:55  Assimilator  
  17  1:00  Probe (Chrono Boost)  
  18  1:09  Pylon  
  19  1:12  Probe (Chrono Boost)  
  19  1:19  Probe (Chrono Boost)  
  19  1:25  Cybernetics Core  
  20  1:33  Probe  
  21  1:45  Probe  
  22  2:02  Mothership Core (Chrono Boost), Stalker  
  22  2:08  Warp Gate  
  26  2:15  Nexus  
  26  2:19  Probe (Chrono Boost)  
  27  2:26  Pylon  
  27  2:31  Probe  
  28  2:41  Stargate  
  28  2:43  Probe (Chrono Boost)  
  29  2:50  Stalker  
  31  2:55  Probe (Chrono Boost)  
  32  3:04  Probe (Chrono Boost)  
  33  3:12  Probe  
  34  3:20  Stalker  
  34  3:25  Phoenix (Chrono Boost)  
  38  3:32  Probe x2  
  40  3:44  Probe (Chrono Boost)  
  40  3:45  Probe (Chrono Boost), Phoenix (Chrono Boost)  
  40  3:48  Pylon  
  44  3:56  Probe (Chrono Boost)  
  44  4:02  Probe (Chrono Boost), Phoenix (Chrono Boost)  
  48  4:05  Probe (Chrono Boost)  
  48  4:07  Assimilator  
  48  4:09  Probe (Chrono Boost)  
  50  4:13  Probe  
  45  4:21  Probe  
  45  4:22  Phoenix (Chrono Boost)  
  46  4:25  Probe  
  47  4:33  Probe  
  49  4:39  Probe (Chrono Boost)  
  49  4:45  Probe (Chrono Boost)  
  49  4:55  Probe x2 (Chrono Boost)  
  49  4:56  Oracle (Chrono Boost)  
  49  4:57  Assimilator  
  53  5:02  Probe x2  
  56  5:14  Probe (Chrono Boost)  
  56  5:19  Probe (Chrono Boost)  
  48  5:25  Probe (Chrono Boost)  
  50  5:32  Probe x2 (Chrono Boost)  
  50  5:35  Phoenix (Chrono Boost)  
  53  5:38  Probe  
  53  5:39  Probe  
  53  5:50  Probe (Chrono Boost)  
  53  5:56  Probe (Chrono Boost)  
  55  5:58  Pylon  
  55  6:01  Probe (Chrono Boost)  
  57  6:06  Probe (Chrono Boost), Gateway  
  57  6:09  Gateway  
  57  6:10  Fleet Beacon, Pylon, Gateway  
  57  6:13  Pylon  
  57  6:14  Stargate  
  59  6:18  Probe (Chrono Boost)  
  59  6:22  Probe (Chrono Boost)  
  59  6:29  Probe (Chrono Boost)  
  59  6:30  Probe (Chrono Boost)  
  61  6:33  Pylon  
  61  6:38  Probe (Chrono Boost)  
  61  6:39  Probe (Chrono Boost)  
  63  6:47  Probe x2  
  65  6:57  Carrier (Chrono Boost)  
  71  7:04  Graviton Catapult (Chrono Boost)  
  71  7:05  Carrier (Chrono Boost)  
  71  7:06  Nexus  
  71  7:08  Pylon  
  71  7:10  Probe x2  
  79  7:24  Sentry  
  79  7:25  Sentry  
  83  7:32  Zealot  
  85  7:41  Probe x2  
  87  7:46  Pylon  
  87  7:53  Probe  
  87  7:54  Probe  
  89  8:08  Zealot  
  89  8:09  Zealot x3  
  87  8:23  Probe x2  
  90  8:27  Probe  
  90  8:38  Zealot, Assimilator  
Show
View Real Time Build Order
Export as new Build Order

HTOMario Terran - Winner!

Build Orders: 1/1/1, Widow Mine Drop 

Get SALT Encoding   

  12  0:01  SCV  
  13  0:13  SCV  
  14  0:17  Supply Depot  
  14  0:25  SCV  
  15  0:39  SCV  
  16  0:43  Barracks  
  16  0:47  Refinery  
  16  0:50  Refinery  
  16  0:53  SCV  
  17  1:05  SCV  
  18  1:17  SCV  
  19  1:30  Orbital Command  
  19  1:32  Factory  
  19  1:33  Marine  
  20  1:45  Supply Depot  
  20  1:52  Marine  
  21  1:56  SCV  
  22  2:08  SCV  
  22  2:12  Marine  
  24  2:16  Starport  
  24  2:17  Widow Mine  
  24  2:21  SCV  
  27  2:29  Marine  
  27  2:31  Supply Depot  
  27  2:34  SCV  
  28  2:46  SCV  
  28  2:48  Widow Mine  
  31  2:51  Barracks Tech Lab  
  31  2:52  Medivac  
  31  2:58  SCV  
  34  2:59  Supply Depot  
  34  3:15  SCV  
  35  3:21  Command Center  
  35  3:29  Cyclone  
  35  3:32  SCV  
  39  3:38  Missile Turret  
  39  3:45  SCV  
  39  3:46  Supply Depot  
  40  3:57  SCV  
  40  4:01  Cyclone  
  44  4:08  Armory  
  40  4:21  SCV  
  41  4:25  Missile Turret  
  41  4:26  Missile Turret  
  41  4:33  SCV, Cyclone  
  45  4:41  Orbital Command  
  43  4:57  SCV  
  42  5:02  Refinery  
  42  5:05  Cyclone  
  42  5:06  SCV  
  46  5:08  Refinery  
  46  5:09  SCV  
  47  5:18  SCV  
  47  5:20  Terran Vehicle and Ship Weapons Level 1  
  48  5:21  SCV  
  48  5:25  Command Center  
  49  5:30  SCV  
  49  5:33  SCV  
  51  5:37  Cyclone  
  51  5:40  Factory  
  52  5:43  SCV  
  52  5:48  SCV  
  54  5:54  Factory  
  54  5:55  SCV  
  55  6:01  Supply Depot x2, SCV  
  56  6:07  SCV  
  56  6:09  Starport Tech Lab  
  56  6:10  Cyclone  
  56  6:11  Barracks Tech Lab  
  60  6:17  SCV  
  61  6:19  SCV  
  61  6:20  Supply Depot  
  62  6:29  SCV  
  62  6:30  Refinery  
  62  6:31  SCV  
  64  6:35  Refinery, Missile Turret  
  64  6:37  Missile Turret  
  64  6:44  SCV  
  63  6:51  Cyclone x2  
  69  6:54  Unknown  
  69  6:56  SCV x2  
  69  6:59  Supply Depot  
  69  7:01  Orbital Command  
  71  7:08  SCV  
  71  7:09  Cyclone  
  71  7:14  SCV  
  76  7:16  Command Center  
  76  7:20  SCV  
  77  7:27  Cyclone  
  77  7:28  SCV, Cyclone  
  77  7:29  SCV  
  85  7:32  SCV  
  86  7:42  SCV x2  
  88  7:44  SCV  
  89  7:55  SCV x2  
  91  8:01  Command Center  
  91  8:02  Cyclone x2  
  94  8:24  SCV x2  
  100  8:40  Command Center  

Tags
 
Add a new tag
Caveats
  • Supply blocks, unpowered buildings, or Contaminate may cause inaccurate times.
  • Supply counts are checked every 10 seconds.